 Dungeon Crawl Stone Soup version 0.27-a0-103-g6cd7b45605 (webtiles) character file.

Game seed: 15906433370174013484

973 timneilson the Shield-Bearer (level 8, -5/48 HPs)
             Began as a Gargoyle Fighter on Jan 23, 2021.
             Slain by an ogre
             ... wielding a +0 giant club
              (15 damage)
             ... on level 5 of the Dungeon.
             The game lasted 00:07:08 (4694 turns).

timneilson the Shield-Bearer (Gargoyle Fighter)     Turns: 4694, Time: 00:07:09

Health: -5/48      AC: 15    Str: 23    XL:     8   Next: 16%
Magic:  8/8        EV:  6    Int:  8    God:
Gold:   272        SH: 10    Dex:  9    Spells: 7/7 levels left

rFire    . . .     SeeInvis .   a - +0 long sword
rCold    . . .     Faith    .   c - +0 kite shield
rNeg     + . .     Spirit   .   f - +0 chain mail
rPois    ∞         Reflect  .   (no helmet)
rElec    +         Harm     .   (no cloak)
rCorr    .         Rampage  .   (no gloves)
Will     .....                  (no boots)
Stlth    ..........             (no amulet)
HPRegen  0.16/turn              (no ring)
MPRegen  0.11/turn              (no ring)

@: hasted, very quick
A: negative energy resistance 1, electricity resistance, unbreathing,
petrification resistance, miasma immunity, AC +5
a: no special abilities


You were on level 5 of the Dungeon.
You visited 1 branch of the dungeon, and saw 5 of its levels.
You also visited: Sewer.

You collected 272 gold pieces.

Inventory:

Hand Weapons
 a - a +0 long sword (weapon)
Armour
 c - a +0 kite shield (worn)
 f - a +0 chain mail (worn)
 h - a +0 plate armour
Jewellery
 l - a +6 ring of dexterity {unknown}
Wands
 n - a wand of digging (8)
Scrolls
 g - 3 scrolls of teleportation
 j - 3 scrolls of amnesia
 m - 2 scrolls of remove curse
 p - a scroll of fog
Potions
 b - a potion of magic {unknown}
 d - a potion of might
 e - a potion of resistance
 k - a potion of brilliance
 o - a potion of cancellation {unknown}
 q - a potion of flight {unknown}
 r - 3 potions of curing {unknown}
 s - a potion of berserk rage {unknown}


   Skills:
 + Level 4.7 Fighting
 * Level 4.5 Long Blades
 * Level 6.1 Armour
 * Level 6.2 Shields
 + Level 1.9 Evocations


You had 7 spell levels left.
You didn't know any spells.
Your spell library was empty.

Dungeon Overview and Level Annotations

Branches:
Dungeon (5/15)              Sewer (visited)
 Temple: D:4-7

Altars:
Ashenzari
Elyvilon
Kikubaaqudgha
Makhleb
Sif Muna
Trog


Innate Abilities, Weirdness & Mutations

You are resistant to torment.
Your stone body is resilient. (AC +5)
You are immune to poison.
You resist negative energy. (rN+)
You are resistant to electric shocks. (rElec)
You can survive without breathing.
You are immune to petrification.
You are immune to miasma.


Message History

The ogre hits you with a +0 giant club!
* * * LOW HITPOINT WARNING * * *
You barely miss the ogre.
The ogre is lightly wounded.
The ogre barely misses you.
You feel yourself speed up. The ogre barely misses you.
You hit the ogre.
The ogre is moderately wounded.
You slash the ogre!
The ogre is heavily wounded.
The ogre barely misses you.
You hit the ogre.
The ogre is heavily wounded.
The ogre barely misses you.
You barely miss the ogre.
The ogre is heavily wounded.
You hit the ogre.
The ogre is severely wounded.
The ogre hits you with a +0 giant club!
You die...

############.#
#.@O.........#
#.####.#.#### #.#
#.#.#######
#######.####.O....<...
.......<....#+#.######
###########.+ .# ## .#
.# ##


You could see an ogre.

Vanquished Creatures
  Sigmund (D:2)
  A phantom (D:4)
  Purgy (Sewer)
  An ogre (D:4)
  A howler monkey (D:4)
  2 hounds
  An orc priest (D:4)
  2 orc wizards
  2 worker ants (D:4)
  9 gnolls
  10 adders
  2 river rats (D:4)
  2 worms
  A dart slug (D:1)
  5 leopard geckos
  11 orcs
  8 giant cockroaches
  11 goblins
  9 hobgoblins
  5 jackals
  3 kobolds
  3 quokkas
  7 ball pythons
  10 bats
  6 frilled lizards
  7 rats
121 creatures vanquished.

Notes
Turn   | Place    | Note
-------+----------+-------------------------------------------
     0 | D:1      | timneilson the Gargoyle Fighter began the quest for the
                  | Orb.
     0 | D:1      | Reached XP level 1. HP: 14/14 MP: 1/1
   130 | D:1      | Reached XP level 2. HP: 19/19 MP: 2/2
   359 | D:1      | Reached XP level 3. HP: 20/23 MP: 3/3
  1027 | D:2      | Found a burning altar of Makhleb.
  1039 | D:2      | Reached XP level 4. HP: 21/28 MP: 4/4
  1138 | D:2      | Found a white marble altar of Elyvilon.
  1138 | D:2      | Found an ancient bone altar of Kikubaaqudgha.
  1162 | D:2      | Noticed Sigmund
  1173 | D:2      | Killed Sigmund
  1174 | D:2      | Reached XP level 5. HP: 29/33 MP: 5/5
  1174 | D:2      | Reached XP level 6. HP: 33/38 MP: 6/6
  1861 | D:3      | Reached skill level 5 in Shields
  2375 | D:3      | Reached skill level 5 in Armour
  2807 | D:4      | Reached skill level 1 in Evocations
  2807 | D:4      | Reached XP level 7. HP: 21/43 MP: 7/7
  2826 | D:4      | Found a shimmering blue altar of Sif Muna.
  2947 | D:4      | Found a glowing drain.
  2954 | Sewer    | Entered a sewer
  3082 | Sewer    | Noticed Purgy
  3101 | Sewer    | Killed Purgy
  3946 | D:4      | Found a broken altar of Ashenzari.
  4050 | D:4      | Noticed a moth of wrath
  4053 | D:4      | Found a bloodstained altar of Trog.
  4340 | D:4      | Reached XP level 8. HP: 48/48 MP: 8/8
  4661 | D:5      | Entered Level 5 of the Dungeon
  4694 | D:5      | Slain by an ogre

Illustrated notes

Levels and vault maps discovered:
D:1:      minmay_arrival_floating_metal, layout_basic
D:2:      layout_rooms, makhleb_blood_cavern_becter,
          gammafunk_temple_overflow_elements, uniq_sigmund
D:3:      minmay_evil_eye, layout_loops_ring, minmay_shallow_snake_nest
D:4:      minmay_chambers_of_twos, layout_basic, tgw_trog,
          ashenzari_conservatory_becter, lemuel_coloured_pillars_altar,
          lightli_sewer_entry_pipes, minmay_misc_feat_enclosed, st_stairs_2
D:5:      gammafunk_steamed_eel, layout_loops_ring,
          minmay_temple_entry_poolview, serial_shops, kennysheep_mini,
          goddamned_bats, uniq_blork_the_orc, uniq_duvessa

Skill      XL: |  1  2  3  4  5  6  7  8 |
---------------+-------------------------+-----
Long Blades    | 2 3 4 |  4.5
Armour         | 4 5 6 |  6.1
Shields        | 4 5 6 |  6.2
Fighting       | 4 |  4.7
Evocations     | 1 |  1.9

Action                   |  1- 3 |  4- 6 |  7- 9 || total
-------------------------+-------+-------+-------++-------
Melee: Long sword        |   108 |   208 |   240 ||   556
  Use: Scroll            |     4 |     4 |     1 ||     9
       Potion            |       |       |     1 ||     1
Armor: Scale mail        |    74 |   128 |   133 ||   335
       Chain mail        |       |       |    27 ||    27
Dodge: Dodged            |    45 |    65 |    99 ||   209
Block: Kite shield       |    69 |    96 |   168 ||   333
       Rpst.: Long sword |    14 |    13 |    22 ||    49

Table legend: (Time is in decaauts)
 A = Elapsed time spent in this place.
 B = Non-inter-level travel time spent in this place.
 C = Inter-level travel time spent in this place.
 D = Time resting spent in this place.
 E = Time spent auto-exploring this place.
 F = Levels seen in this place.
 G = Mean time per level.
                   A        B        C        D        E       F      G
               +--------+--------+--------+--------+--------+-----+--------+
         Total |   4906 |   4806 |    100 |      0 |   3466 |   6 |  817.7 |
       Dungeon |   4621 |   4521 |    100 |      0 |   3279 |   5 |  924.2 |
         Sewer |    284 |    284 |      0 |      0 |    187 |   1 |  284.0 |
               +--------+--------+--------+--------+--------+-----+--------+

Top non-repeatable levels by time:
     D:4: 1759 daAuts
     D:3: 1292 daAuts
     D:1: 912 daAuts
     D:2: 627 daAuts
   Sewer: 284 daAuts
     D:5: 29 daAuts
